Map: Prion Terraces

Players

ShoWTimE - Winner!

  • Race: Protoss Protoss
  • League: Master

Welmu

  • Race: Protoss Protoss
  • League: Grandmaster

Event: NationWars III

VOD

Have the link to the VOD?

Description

Time

  • Played on: Dec. 13, 2015, 3:32 p.m.
  • Length: 8:04
Show
View Real Time Build Order
Export as new Build Order

ShoWTimE Protoss - Winner!

Build Orders: Nexus First, Blink Stalkers 

Get SALT Encoding   

  12  0:01  Probe (Chrono Boost)  
  13  0:11  Probe (Chrono Boost)  
  14  0:17  Pylon  
  14  0:22  Probe (Chrono Boost)  
  16  0:35  Probe (Chrono Boost)  
  16  0:46  Probe (Chrono Boost)  
  17  0:57  Nexus  
  17  1:09  Gateway  
  17  1:11  Probe (Chrono Boost)  
  18  1:17  Assimilator  
  18  1:21  Probe (Chrono Boost)  
  18  1:24  Assimilator  
  19  1:32  Probe (Chrono Boost)  
  20  1:42  Probe (Chrono Boost)  
  21  1:53  Probe (Chrono Boost)  
  22  1:57  Cybernetics Core  
  22  2:03  Probe (Chrono Boost)  
  23  2:11  Probe (Chrono Boost)  
  23  2:14  Probe (Chrono Boost)  
  25  2:20  Pylon  
  25  2:21  Probe (Chrono Boost)  
  26  2:24  Probe (Chrono Boost)  
  27  2:34  Stalker, Mothership Core (Chrono Boost)  
  27  2:35  Warp Gate  
  27  2:36  Probe (Chrono Boost)  
  32  2:46  Twilight Council, Probe (Chrono Boost)  
  33  2:52  Probe (Chrono Boost)  
  33  2:54  Pylon  
  33  2:57  Probe (Chrono Boost)  
  35  3:03  Probe (Chrono Boost)  
  35  3:04  Stalker  
  38  3:08  Probe (Chrono Boost)  
  39  3:13  Probe (Chrono Boost)  
  39  3:18  Probe (Chrono Boost)  
  41  3:20  Blink (Chrono Boost)  
  41  3:25  Probe  
  42  3:31  Probe  
  42  3:35  Gateway  
  42  3:36  Gateway  
  42  3:40  Stalker  
  42  3:41  Probe  
  45  3:51  Probe  
  45  3:52  Probe, Robotics Facility  
  47  3:59  Pylon  
  47  4:04  Probe x2  
  49  4:19  Nexus  
  49  4:20  Pylon  
  49  4:23  Probe  
  49  4:26  Probe  
  51  4:37  Gateway  
  51  4:38  Gateway  
  51  4:39  Gateway, Observer (Chrono Boost)  
  51  4:44  Stalker  
  51  4:45  Probe  
  55  4:47  Assimilator  
  55  4:50  Probe, Assimilator  
  56  4:56  Stalker  
  56  4:57  Probe  
  59  5:00  Stalker  
  59  5:04  Probe  
  61  5:08  Pylon  
  61  5:12  Stalker  
  63  5:22  Stalker, Pylon  
  63  5:23  Warp Prism (Chrono Boost)  
  63  5:24  Probe  
  63  5:25  Probe  
  69  5:45  Stalker x3  
  69  5:46  Stalker x2  
  79  5:50  Stalker  
  79  5:54  Observer (Chrono Boost)  
  82  6:08  Probe x2  
  82  6:09  Probe  
  85  6:13  Pylon  
  85  6:19  Stalker  
  85  6:20  Stalker x2  
  85  6:21  Stalker x2  
  85  6:22  Stalker  
  97  6:27  Pylon  
  97  6:34  Probe x3  
  100  6:44  Stalker  
  100  6:45  Stalker x3  
  104  6:55  Stalker x2  
  104  6:57  Probe  
  104  6:58  Probe  
  108  7:14  Probe  
  109  7:16  Probe  
  109  7:19  Robotics Bay  
  109  7:20  Pylon  
  110  7:23  Stalker x3  
  113  7:34  Probe  
  113  7:35  Assimilator  
  113  7:37  Stalker  
  116  7:38  Assimilator  
  116  7:40  Pylon  
  116  7:43  Observer (Chrono Boost)  
  117  7:44  Stalker x2  
  117  7:51  Stalker x3  
Show
View Real Time Build Order
Export as new Build Order

Welmu Protoss 

Build Orders: Nexus First 

Get SALT Encoding   

  12  0:01  Probe (Chrono Boost)  
  13  0:11  Probe (Chrono Boost)  
  14  0:19  Pylon  
  14  0:22  Probe (Chrono Boost)  
  15  0:38  Probe (Chrono Boost)  
  16  0:48  Probe (Chrono Boost)  
  17  0:57  Nexus  
  17  1:07  Gateway  
  17  1:10  Probe (Chrono Boost)  
  18  1:16  Assimilator  
  18  1:21  Probe (Chrono Boost)  
  18  1:25  Assimilator  
  19  1:32  Probe (Chrono Boost)  
  20  1:42  Gateway  
  20  1:44  Probe (Chrono Boost)  
  21  1:54  Probe (Chrono Boost)  
  21  1:56  Cybernetics Core  
  22  2:05  Probe (Chrono Boost)  
  23  2:09  Probe (Chrono Boost)  
  25  2:15  Probe (Chrono Boost)  
  25  2:19  Probe (Chrono Boost)  
  26  2:26  Probe (Chrono Boost)  
  27  2:30  Probe (Chrono Boost)  
  27  2:33  Stalker x2  
  27  2:37  Probe (Chrono Boost)  
  33  2:38  Warp Gate  
  33  2:42  Probe (Chrono Boost)  
  34  2:48  Mothership Core (Chrono Boost)  
  36  2:52  Probe (Chrono Boost)  
  36  2:55  Pylon  
  37  3:03  Probe (Chrono Boost)  
  38  3:10  Pylon  
  38  3:13  Stalker  
  38  3:14  Probe x2 (Chrono Boost)  
  38  3:17  Stalker  
  44  3:24  Probe x2 (Chrono Boost)  
  45  3:35  Probe x2 (Chrono Boost)  
  45  3:37  Pylon  
  45  3:40  Twilight Council  
  47  3:45  Probe x2 (Chrono Boost)  
  47  3:46  Pylon  
  47  3:47  Sentry  
  51  3:50  Assimilator  
  51  3:56  Probe x2 (Chrono Boost), Assimilator  
  53  4:07  Probe (Chrono Boost)  
  53  4:08  Probe (Chrono Boost)  
  53  4:09  Robotics Facility  
  55  4:17  Probe (Chrono Boost)  
  55  4:23  Blink (Chrono Boost)  
  57  4:26  Pylon  
  56  4:41  Nexus  
  56  4:45  Stalker x2  
  60  4:51  Pylon  
  60  4:54  Gateway  
  60  4:55  Gateway  
  60  4:57  Observer (Chrono Boost)  
  61  5:10  Stalker, Probe  
  61  5:12  Probe  
  65  5:16  Immortal (Chrono Boost)  
  69  5:21  Stalker  
  69  5:33  Gateway  
  67  5:36  Gateway, Pylon  
  68  5:47  Stalker  
  68  5:49  Pylon  
  70  5:50  Probe x2  
  70  5:51  Immortal  
  70  5:52  Probe  
  74  5:59  Stalker x2  
  74  6:02  Probe x2  
  80  6:04  Probe  
  81  6:11  Dark Shrine  
  81  6:14  Probe  
  81  6:16  Probe  
  83  6:18  Pylon  
  83  6:20  Assimilator  
  83  6:23  Assimilator  
  83  6:25  Forge  
  83  6:31  Immortal  
  86  6:41  Probe  
  87  6:50  Stalker x5  
  89  7:10  Immortal  
  89  7:15  Pylon  
  91  7:17  Stalker, Pylon  
  91  7:18  Stalker  
  91  7:21  Pylon  
  93  7:24  Pylon  
  71  7:44  Stalker x2, Dark Templar  
  71  7:56  Dark Templar x2  
Tags
 
Add a new tag
Caveats
  • Supply blocks, unpowered buildings, or Contaminate may cause inaccurate times.
  • Supply counts are checked every 10 seconds.